 Dungeon Crawl Stone Soup version 0.22-a0-307-g2b15929 (webtiles) character file.

2298 Serpenta the Fighter (level 9, -2/54 HPs)
             Began as a Vine Stalker Chaos Knight on Apr 1, 2018.
             Slain by an orc warrior
             ... wielding a +0 mace
              (12 damage)
             ... on level 7 of the Dungeon.
             The game lasted 00:15:01 (5641 turns).

Serpenta the Fighter (Vine Stalker Chaos Knight)    Turns: 5641, Time: 00:15:02

Health: -2/54      AC:  4    Str: 17    XL:     9   Next: 40%
Magic:  0/10       EV:  7    Int: 12    God:    Xom [*.....]
Gold:   303        SH:  7    Dex: 15    Spells: 8/8 levels left

rFire    + . .     SeeInvis .   q - +3 whip (venom)
rCold    + . .     Gourm    .   C - +0 shield
rNeg     . . .     Faith    .   J - +1 ring mail {rF+}
rPois    +         Spirit   +   (no helmet)
rElec    .         Reflect  .   (no cloak)
rCorr    .         Harm     +   i - +0 pair of gloves
MR       +....                  (no boots)
Stlth    +.........             F - amulet of harm
HPRegen  0.58/turn              k - ring of protection from cold
MPRegen  0.12/turn              n - ring of poison resistance

@: no status effects
A: fangs 3, deformed body, regeneration 1, magic shield, antimagic bite, no
potion heal 3, rot immunity
a: Renounce Religion


You were on level 7 of the Dungeon.
You worshipped Xom.
You were a special plaything of Xom.
You were not hungry.

You visited 1 branch of the dungeon, and saw 7 of its levels.
You also visited: Sewer.

You collected 400 gold pieces.
You spent 97 gold pieces at shops.


Innate Abilities, Weirdness & Mutations

You have razor-sharp teeth.
Your natural rate of healing is unusually fast.
When hurt, damage is shared between your health and your magic reserves.
Your bite disrupts and absorbs the magic of your enemies.
Potions cannot restore your health.
You are immune to rotting.
Armour fits poorly on your strangely shaped body.


   Skills:
 + Level 9.8 Fighting
 - Level 6.7 Maces & Flails
 - Level 1.5 Armour
 - Level 0.7 Dodging


You had 8 spell levels left.
You didn't know any spells.

Action                   |  1- 3 |  4- 6 |  7- 9 || total
-------------------------+-------+-------+-------++-------
Melee: Mace              |    29 |       |       ||    29
       Bite              |    10 |    35 |    94 ||   139
       Whip              |    26 |   146 |   278 ||   450
Throw: Tomahawk          |       |     1 |     4 ||     5
  Use: Scroll            |     6 |     3 |     6 ||    15
       Potion            |       |       |     1 ||     1
 Stab: Confused          |       |       |     2 ||     2
  Eat: Chunk             |     2 |     5 |     8 ||    15
Armor: Leather armour    |    21 |    31 |    46 ||    98
       Ring mail         |       |       |     2 ||     2
Dodge: Dodged            |    20 |    60 |    75 ||   155
Block: Shield            |       |     5 |    76 ||    81

Inventory:

Hand Weapons
 a - a +0 mace of chaos
 q - a +3 whip of venom (weapon)
Missiles
 y - a tomahawk (quivered)
Armour
 i - a +0 pair of gloves (worn)
 C - a +0 shield (worn)
 E - a +0 plate armour
 J - a +1 ring mail of fire resistance (worn)
Jewellery
 k - a ring of protection from cold (left hand)
 m - an uncursed ring of protection from fire
 n - a ring of poison resistance (right hand)
 s - an uncursed ring of protection from fire
 w - an uncursed ring of wizardry
 F - an amulet of harm (around neck)
Scrolls
 d - a scroll of blinking {unknown}
 h - 2 scrolls of amnesia
 j - 5 scrolls of teleportation
 l - a scroll of enchant weapon {unknown}
 o - 3 scrolls of remove curse
 u - a scroll of summoning {unknown}
 v - a scroll of enchant armour
 B - a scroll of fog {unknown}
 H - a scroll of magic mapping
Potions
 e - 3 potions of brilliance
 f - 5 potions of berserk rage
 g - a potion of haste
 p - 5 potions of flight
 r - a potion of lignification
 t - a potion of resistance
 x - 5 potions of agility {unknown}
 z - a potion of cancellation
 A - 7 potions of curing
 D - 3 potions of heal wounds {unknown}
 I - a potion of mutation {unknown}
Comestibles
 c - 7 rations
 G - 7 chunks of flesh {@w1}

.... .. #.# #..#
..##.####.###..#
##...#....#)).).# #
#..#...###†####)####
#.........## #.....
##........# ######
#...# ##(#.#.###.# #
#...# #....#.# #.# ##
#...# ##@###.#
#.#######( # #...#
#ol##### #.........
##. ###...# #o#o.(#
#########. ...?
.....# ##....## ##
.....###..(# #.†[._∩#
#
...........###.....##
#
........(........#.#
#####
...#.###(........###
#....
#.g......#.#######
##########.###


You could see an orc warrior, an iguana and 2 orcs.

Vanquished Creatures
  Grinder (D:5)
  Duvessa (D:7)
  Purgy (D:3)
  An ice beast (D:6)
  A sky beast (D:6)
  4 ogres
  2 centaurs (D:5)
  4 big kobolds (Sewer)
  Dowan (D:7)
  3 scorpions
  2 crimson imps
  A howler monkey (D:5)
  A quasit (D:6)
  2 hounds
  2 orc priests (D:4)
  2 orc wizards
  Jessica (D:2)
  2 worker ants
  A hound skeleton (D:7)
  A howler monkey zombie (D:5)
  7 gnolls
  7 adders
  2 shadow imps
  An adder zombie (D:5)
  2 worms (D:5)
  2 dart slugs (D:2)
  3 leopard geckos
  29 orcs
  2 ball pythons (Sewer)
  9 giant cockroaches
  6 goblins
  3 hobgoblins
  9 jackals
  3 quokkas
  10 bats
  6 frilled lizards
  2 jackal skeletons
  18 kobolds
  A quokka skeleton (D:4)
  10 rats
166 creatures vanquished.

Vanquished Creatures (others)
  A phantom (D:4)
1 creature vanquished.

Grand Total: 167 creatures vanquished

Vault maps used:
D:1:      elethiomel_arrival_quiet
D:2:      uniq_jessica
D:3:      first_ration, uniq_grinder, uniq_purgy
D:5:      kennysheep_little_box, gup_sewer_entry_bubbles, serial_shops,
          nicolae_shop_temple_entry_statues_fountains
D:6:      lemuel_upstairs_altar, basic_altar
D:7:      minmay_temple_entry_junction, serial_shops, shop_statue,
          makhleb_heckhound_becter, uniq_duvessa, uniq_crazy_yiuf_cottage
Sewer:    kennysheep_pipe_town


Message History

The iguana barely misses you. The iguana bites you!
Xom's power touches on your mind for a moment.
You are more confused.
The iguana completely misses you.
Things that are here:
a +2 leather armour; 20 stones The iguana bites you.
The orc warrior hits you with a mace!
You bump into the rock wall.
The iguana bites you!
* * * LOW HITPOINT WARNING * * *
The orc warrior hits you with a mace.
* * * LOW HITPOINT WARNING * * *
You're too confused to move!
The iguana barely misses you.
It was a potion of curing.
Your system rejects the healing.
You feel better.
Xom roars with laughter!
The iguana barely misses you. You block the orc warrior's attack.
The orc hits you but does no damage. The orc warrior hits you with a mace!
You die...
Xom giggles madly!

Notes
Turn   | Place    | Note
-------+----------+-------------------------------------------
     0 | D:1      | Serpenta the Vine Stalker Chaos Knight began the quest for the Orb.
     0 | D:1      | Reached XP level 1. HP: 11/11 MP: 2/2
   237 | D:1      | Reached XP level 2. HP: 16/16 MP: 3/3
   279 | D:1      | XOM: harmless Air miscast
   560 | D:1      | XOM: silly message
   880 | D:2      | XOM is BORED!
   880 | D:2      | XOM: noise
   887 | D:2      | XOM: divination: magic mapping
   893 | D:2      | XOM: cast spell 'Summon Hydra'
   938 | D:1      | XOM: divination: magic mapping
  1028 | D:1      | XOM: severe Erth miscast
  1142 | D:2      | XOM: mild Tmut miscast
  1210 | D:2      | Reached XP level 3. HP: 19/19 MP: 4/4
  1295 | D:2      | XOM: cloud trail
  1349 | D:2      | XOM: god gift: 24 gold pieces {god gift}
  1444 | D:2      | Noticed Jessica
  1452 | D:2      | Killed Jessica
  1452 | D:2      | Gained mutation: Your natural rate of healing is unusually fast. [Vine Stalker growth]
  1452 | D:2      | Reached XP level 4. HP: 23/23 MP: 5/5
  1528 | D:2      | XOM: cloud trail
  1705 | D:2      | XOM: divination: detect creatures
  1728 | D:3      | XOM: stealth player
  1740 | D:3      | Noticed Purgy
  1762 | D:3      | XOM: cleaving
  1763 | D:3      | XOM: smoke on damage
  1766 | D:3      | Killed Purgy
  1766 | D:3      | Reached skill level 5 in Maces & Flails
  1766 | D:3      | Reached XP level 5. HP: 14/27 MP: 2/6
  1993 | D:3      | XOM: medium Fire miscast
  2125 | D:3      | XOM: chaos upgrade
  2255 | D:3      | Reached XP level 6. HP: 28/32 MP: 5/7
  2522 | D:3      | XOM is BORED!
  2534 | D:3      | XOM: mild Tmut miscast
  2662 | D:4      | XOM: enchant monster (bad)
  2734 | D:4      | XOM: harmless Conj miscast
  2932 | D:4      | Reached skill level 3 in Fighting
  2961 | D:4      | Noticed a phantom
  2963 | D:4      | XOM: enchant monster (good)
  2972 | D:4      | XOM: enchant monster (good)
  3060 | D:4      | Reached XP level 7. HP: 37/37 MP: 8/8
  3105 | D:4      | XOM: 5-stop teleportation journey
  3141 | D:4      | XOM: give mutation
  3141 | D:4      | Gained mutation: Armour fits poorly on your strangely shaped body. [Xom's mischief]
  3146 | D:4      | XOM: scenery: 2 doors close
  3156 | D:4      | XOM: confusion
  3161 | D:4      | Reached skill level 4 in Fighting
  3161 | D:4      | XOM: divine lightning
  3635 | D:4      | XOM: smoke on damage
  3673 | D:5      | Entered Level 5 of the Dungeon
  3782 | D:5      | Found a glowing drain.
  3795 | Sewer    | Entered a sewer
  3821 | Sewer    | XOM: confusion (+ monsters)
  3836 | Sewer    | Reached skill level 5 in Fighting
  3930 | Sewer    | Reached skill level 6 in Fighting
  3930 | Sewer    | Gained mutation: You have razor-sharp teeth. [Vine Stalker growth]
  3930 | Sewer    | Reached XP level 8. HP: 30/44 MP: 6/9
  4052 | Sewer    | XOM: smoke on damage
  4097 | D:5      | XOM: harmless Pois miscast
  4131 | D:5      | Found Oniq's General Store.
  4138 | D:5      | Bought a scroll of enchant armour for 97 gold pieces
  4242 | D:5      | Noticed Grinder
  4260 | D:5      | Killed Grinder
  4260 | D:5      | Reached skill level 7 in Fighting
  4509 | D:5      | XOM: noise
  4645 | D:5      | XOM: noise
  4688 | D:5      | XOM: scenery: create altars
  4715 | D:5      | XOM: 1-stop teleportation journey
  4832 | D:5      | XOM: cloud trail
  4876 | D:5      | Reached skill level 8 in Fighting
  4936 | D:5      | Found a blossoming altar of Fedhas.
  5103 | D:6      | Reached XP level 9. HP: 48/52 MP: 10/10
  5119 | D:6      | Found a shimmering altar of Xom.
  5201 | D:6      | Reached skill level 9 in Fighting
  5253 | D:6      | XOM: blink monster(s)
  5414 | D:7      | Found a staircase to the Ecumenical Temple.
  5506 | D:7      | Noticed Dowan
  5515 | D:7      | Noticed Duvessa
  5522 | D:7      | Killed Duvessa
  5525 | D:7      | Killed Dowan
  5578 | D:7      | Found a burning altar of Makhleb.
  5623 | D:7      | XOM: smoke on damage
  5631 | D:7      | XOM: confusion
  5634 | D:7      | XOM: confusion
  5641 | D:7      | Slain by an orc warrior
